 Dungeon Crawl Stone Soup version 0.18-a0-19-g8b99b3a (webtiles) character file.

75 4thArraOfDagon the Skirmisher (level 4, -4/38 HPs)
             Began as a Merfolk Wanderer on Nov 1, 2015.
             Slain by Raultor's ghost (17 damage)
             ... on level 4 of the Dungeon.
             The game lasted 00:04:04 (645 turns).

4thArraOfDagon the Skirmisher (Merfolk Wanderer)     Turns: 645, Time: 00:04:05

Health: -4/38      AC:  0    Str: 11    XL:     4   Next: 31%
Magic:  4/4        EV: 21    Int: 11    God:
Gold:   60         SH:  0    Dex: 15    Spells: 0 memorised, 3 levels left

rFire  . . .     SeeInvis .     (weapon currently unavailable)
rCold  . . .     Clarity  .     (armour currently unavailable)
rNeg   . . .     SustAt   .     (shield currently unavailable)
rPois  .         Gourm    .     (helmet currently unavailable)
rElec  .         Spirit   .     (cloak currently unavailable)
rCorr  .         Warding  .     (gloves currently unavailable)
rMut   .         Stasis   .     (boots currently unavailable)
MR     .....                    (amulet currently unavailable)
Stlth  +.........               (ring currently unavailable)
                                (ring currently unavailable)

@: porcupine-form, quick, not resistant to hostile enchantments, very unstealthy
A: (change form in water), (swift swim)
a: no special abilities


You were on level 4 of the Dungeon.
You were not hungry.
You were a spiny porcupine.
You visited 1 branch of the dungeon, and saw 4 of its levels.

You collected 60 gold pieces.

Inventory:

Hand Weapons
 a - a +2 short sword (melded)
 f - a +2 flail of holy wrath
Missiles
 e - 7 curare-tipped needles
Armour
 h - a +0 plate armour (melded)
Wands
 i - a wand of polymorph (4)
Potions
 j - a potion of flight {unknown}
Comestibles
 b - a meat ration
 d - a bread ration


   Skills:
 + Level 4.5 Fighting
 - Level 2.4 Short Blades
 + Level 3.4 Dodging
   Level 1.0 Shields
   Level 3.2 Poison Magic
 - Level 1.0 Evocations


You had 3 spell levels left.
You didn't know any spells.

Dungeon Overview and Level Annotations

Branches:
Dungeon (4/15)
 Temple: D:4-7

Altars:
Dithmenos
Gozag
Makhleb

Annotations:
D:3 Robin
D:4 Edmund; Pikel; Raultor's ghost, amateur GrFi


Message History

Evoke which item? (* to show all) (? for menu, Esc to quit)
Zapping:
i - a wand of polymorph {recharged} (will waste charges)
Press: ? - help, Shift-Dir - straight line, f - you Really target yourself?
You turn into a spiny porcupine.
Your +2 short sword melds into your body.
Your +0 plate armour melds into your body.
Evoking this partially-identified wand wasted a few charges.
Unknown command.
Really attack barehanded? [Y]es or [N]o only, please.
Really attack barehanded?
You hit Raultor's ghost.
Raultor's ghost is lightly damaged.
Raultor's ghost is struck by your spines.
Raultor's ghost misses you.
You hit Raultor's ghost but do no damage.
Raultor's ghost is moderately damaged.
Raultor's ghost hits you!
You die...

##...### #......#
#......# #......#
#.....## ####
##.....####...#
#....###.....#
###..........##
#r....#.......##
#..SoW##..####......#
.o##### #...#
###....# ##..##
###..# #...# ####
##..## ##..# #..##
##..#


You could see Raultor's ghost, an adder and 2 orcs.

Vanquished Creatures
  A slave (D:3)
  An orc wizard (D:3)
  2 adders (D:4)
  4 orcs (D:3)
  4 bats
  A giant cockroach (D:2)
  3 goblins
  3 hobgoblins (D:2)
  2 kobolds (D:1)
  3 rats
24 creatures vanquished.

Notes
Turn   | Place    | Note
--------------------------------------------------------------
     0 | D:1      | 4thArraOfDagon the Merfolk Wanderer began the quest for the Orb.
     0 | D:1      | 4thArraOfDagon set off with: a +2 short sword, 2 scrolls of teleportation, a +0 robe, a bread ration
     0 | D:1      | Reached XP level 1. HP: 18/18 MP: 1/1
    69 | D:1      | Reached skill level 1 in Dodging
    86 | D:2      | Reached XP level 2. HP: 24/24 MP: 2/2
   142 | D:3      | Found a shadowy altar of Dithmenos.
   172 | D:3      | Reached skill level 4 in Fighting
   172 | D:3      | Reached XP level 3. HP: 16/30 MP: 3/3
   234 | D:4      | Noticed an ogre
   240 | D:4      | Noticed Pikel
   240 | D:4      | Noticed a slave
   240 | D:4      | Noticed a slave
   240 | D:4      | Noticed a slave
   240 | D:4      | Noticed a slave
   247 | D:4      | Reached XP level 4. HP: 12/38 MP: 4/4
   252 | D:3      | Killed a slave
   313 | D:3      | Found a burning altar of Makhleb.
   313 | D:3      | Found an opulent altar of Gozag.
   334 | D:3      | Noticed Robin
   363 | D:4      | Noticed Edmund
   641 | D:4      | Noticed Raultor's ghost (amateur GrFi)
   645 | D:4      | Slain by Raultor's ghost

Vault maps used:
D:1:      dpeg_arrival_long_road, serial_forest, infiniplex_forest_clump_curved,
          infiniplex_forest_clump_curved, infiniplex_forest_corner_1,
          infiniplex_forest_lined_room_, infiniplex_forest_end_2,
          infiniplex_forest_clump_small, infiniplex_forest_clump_tiny,
          glass_columns_b
D:2:      solitary_fountain, minmay_bad_closet, hangedman_feature_mirror
D:3:      gammafunk_temple_overflow_wave,
          nicolae_dithmenos_through_a_glass_darkly, uniq_natasha, uniq_robin,
          uniq_iyjb
D:4:      uniq_pikel, uniq_edmund, uniq_crazy_yiuf_cottage

Action                   |  1- 3 |  4- 6 || total
-------------------------+-------+-------++-------
Melee: Short sword       |    44 |    22 ||    66
       Unarmed           |     2 |     5 ||     7
Evoke: Wand              |     1 |     4 ||     5
  Use: Scroll            |     2 |     3 ||     5
       Potion            |     1 |     3 ||     4
